 Dungeon Crawl Stone Soup version 0.28-a0-2-g643f2454ad (webtiles) character file.

Game seed: 18035826362875153600

325 Wyvernaa the Insei (level 6, -7/30 HPs)
             Began as a Vine Stalker Transmuter on July 22, 2021.
             Mangled by Duvessa (8 damage)
             ... on level 4 of the Dungeon.
             The game lasted 00:09:59 (3711 turns).

Wyvernaa the Insei (Vine Stalker Transmuter)        Turns: 3711, Time: 00:09:59

Health: -7/30      AC:  5    Str: 14    XL:     6   Next: 48%
Magic:  0/12       EV: 12    Int: 14    God:
Gold:   193        SH:  0    Dex: 14    Spells: 9/12 levels left

rFire   + . .      SeeInvis .     - Unarmed
rCold   . . .      Faith    .   (no shield)
rNeg    . . .      Spirit   +   a - +0 robe
rPois   +          Reflect  .   (helmet currently unavailable)
rElec   .          Harm     .   (no cloak)
rCorr   .          Rampage  .   m - +2 pair of gloves
Will    .....                   (boots currently unavailable)
Stlth   ++........              (no amulet)
HPRegen 1.10/turn               b - ring of protection from fire
MPRegen 0.13/turn               g - ring of poison resistance

@: appendages (expiring)
A: horns 2, talons 2, fangs 2, regeneration 1, magic shield, antimagic bite, no
potion heal 2
a: End Transformation


You were on level 4 of the Dungeon.
You had temporarily grown beastly horns and talons.
You visited 1 branch of the dungeon, and saw 4 of its levels.

You collected 193 gold pieces.

Inventory:

Armour
 a - a +0 robe (worn)
 d - a +2 pair of boots of flying (melded)
 l - a +0 helmet (melded)
 m - a +2 pair of gloves (worn)
Jewellery
 b - a ring of protection from fire (left hand)
 g - a ring of poison resistance (right hand)
 n - an amulet of reflection
Potions
 c - a potion of haste
 e - a potion of flight {unknown}
 f - 2 potions of attraction {unknown}
 h - 3 potions of mutation {unknown}
 i - a potion of brilliance {unknown}
 j - a potion of lignification {unknown}
 k - a potion of curing {unknown}


   Skills:
 + Level 1.5 Fighting
 + Level 2.1 Dodging
 * Level 3.3 Stealth
 + Level 4.6 Unarmed Combat
 + Level 3.6 Spellcasting
 + Level 3.0 Transmutations


You had 9 spell levels left.
You knew the following spells:

 Your Spells              Type           Power      Damage    Failure   Level
a - Beastly Appendage     Tmut           20%        N/A       6%          1
b - Wereblood             Tmut           10%        N/A       9%          2

Your spell library contained the following spells:

 Spells                   Type           Power      Damage    Failure   Level
 Magic Dart               Conj           8%         1d3       21%         1
 Pain                     Necr           8%         1d4       21%         1
 Searing Ray              Conj           4%         3d3       30%         2
 Spider Form              Tmut/Pois      3%         N/A       32%         3
 Ice Form                 Ice/Tmut       6%         N/A       73%         4
 Fulminant Prism          Conj/Hex       1%         3d6       90%         4
 Agony                    Necr           2%         N/A       99%         5
 Excruciating Wounds      Necr           1%         N/A       99%         5


Dungeon Overview and Level Annotations

Branches:
Dungeon (4/15)
 Temple: D:4-7

Altars:
Ru

Annotations:
D:2 1 runed translucent door, Crazy Yiuf
D:4 Dowan, Duvessa


Innate Abilities, Weirdness & Mutations

You have temporarily grown beastly horns and talons.
You have extremely sharp teeth.
Your natural rate of healing is unusually fast.
When hurt, damage is shared between your health and your magic reserves.
Your bite disrupts and absorbs the magic of your enemies.
Potions cannot restore your health.


Message History

You barely miss the orc wizard.
You claw the orc wizard, but do no damage.
Your headbutt misses the orc wizard. Your bite misses the orc wizard.
The orc wizard is heavily wounded.
Your transformation is almost over.
Duvessa hits you with a +0 short sword. The orc wizard hits you with a +0 mace.
You hit the orc wizard. You claw the orc wizard.
You kill the orc wizard!
Duvessa hits you with a +0 short sword.
An orc comes into view. It is wielding a +0 short sword.
Your Transmutations skill increases to level 3!
Things that are here:
a +0 mace; a +0 robe; a bubbling brown potion You barely miss Duvessa.
You punch Duvessa, but do no damage.
Duvessa is lightly wounded.
Duvessa hits you with a +0 short sword.
You hit Duvessa. You headbutt Duvessa! You bite Duvessa, but do no damage.
Duvessa is heavily wounded.
Duvessa hits you with a +0 short sword!
You hit Duvessa but do no damage. You claw Duvessa, but do no damage.
You headbutt Duvessa, but do no damage. You bite Duvessa, but do no damage.
Duvessa is heavily wounded.
The orc closely misses you. Duvessa hits you but does no damage.
You hit Duvessa but do no damage. You headbutt Duvessa.
Duvessa is heavily wounded.
The orc hits you with a +0 short sword. Duvessa misses you.
Unknown command.
As you read the scroll labelled BIGUATR XOXZO, it crumbles to dust.
It is a scroll of identify.
c - a potion of haste The orc barely misses you.
Duvessa hits you with a +0 short sword!
* * * LOW HITPOINT WARNING * * *
Dowan mumbles some strange words.
Dowan blinks!
You barely miss Duvessa. You bite Duvessa, but do no damage.
Duvessa is heavily wounded.
The orc hits you with a +0 short sword.
* * * LOW HITPOINT WARNING * * *
Duvessa hits you with a +0 short sword!
You die...

.....####...##.#
###.............
.......#
.............o#
......#
###............#
......
............#..# ....
#.......# #..# ...
#.......####..# #.#
#..........#..#####.#
#.......##.#.>o@ewg§#
#.########.#.########
##.# #.#.# ...# #...#
##.# ##### ###


You could see Duvessa, a worm, an orc and a hobgoblin.

Vanquished Creatures
  2 hounds
  A bullfrog skeleton (D:3)
  An iguana (D:4)
  An orc wizard (D:4)
  A hound skeleton (D:4)
  6 gnolls (D:3)
  4 adders
  A worm (D:2)
  An orc (D:4)
  9 endoplasms
  5 giant cockroaches
  4 goblins
  6 hobgoblins
  9 jackals
  6 kobolds
  3 quokkas
  6 ball pythons
  5 frilled lizards
  7 rats
78 creatures vanquished.

Vanquished Creatures (others)
  5 plants (D:4)
5 creatures vanquished.

Grand Total: 83 creatures vanquished

Notes
Turn   | Place    | Note
-------+----------+-------------------------------------------
     0 | D:1      | Wyvernaa the Vine Stalker Transmuter began the quest for
                  | the Orb.
     0 | D:1      | Reached XP level 1. HP: 9/9 MP: 4/4
   134 | D:1      | Reached skill level 1 in Fighting
   176 | D:1      | Reached XP level 2. HP: 14/14 MP: 4/6
   969 | D:1      | Identified a scroll of acquirement
   969 | D:1      | Acquired a +2 pair of boots of flying
   992 | D:1      | Reached XP level 3. HP: 3/18 MP: 1/7
  1334 | D:1      | Learned a level 2 spell: Wereblood
  2108 | D:2      | Reached skill level 1 in Stealth
  2108 | D:2      | Gained mutation: Your natural rate of healing is unusually
                  | fast. [Vine Stalker growth]
  2108 | D:2      | Reached XP level 4. HP: 13/22 MP: 3/9
  2304 | D:2      | Found a sacrificial altar of Ru.
  2366 | D:2      | Found a runed translucent door.
  2367 | D:2      | Noticed Crazy Yiuf
  2421 | D:2      | Reached skill level 4 in Unarmed Combat
  2533 | D:3      | Found a faded altar of an unknown god.
  2566 | D:3      | Reached XP level 5. HP: 23/25 MP: 7/10
  3176 | D:3      | Reached XP level 6. HP: 8/30 MP: 1/12
  3692 | D:4      | Noticed Duvessa
  3693 | D:4      | Noticed Dowan
  3711 | D:4      | HP: 1/30 [orc (3)]
  3711 | D:4      | Mangled by Duvessa

Illustrated notes

Levels and vault maps discovered:
D:1:      dpeg_arrival_signposts, layout_basic, minivault_5
D:2:      layout_rooms, basic_altar, uniq_crazy_yiuf_cottage
D:3:      layout_rooms, hellmonk_ecumenical_altar_run_dry
D:4:      layout_basic, minmay_lizard_king, uniq_duvessa

Skill      XL: |  1  2  3  4  5  6 |
---------------+-------------------+-----
Fighting       | 1 |  1.5
Stealth        | 1 2 3 |  3.3
Spellcasting   | 3 |  3.6
Unarmed Combat | 4 |  4.6
Dodging        | 2 |  2.1
Transmutations | 3 |  3.0

Action                   |  1- 3 |  4- 6 || total
-------------------------+-------+-------++-------
Melee: Unarmed           |    51 |   152 ||   203
       Headbutt          |     6 |    32 ||    38
       Kick              |    16 |    35 ||    51
       Bite              |     9 |    36 ||    45
       Punch             |     1 |     6 ||     7
 Cast: Beastly Appendage |    16 |    28 ||    44
  Use: Scroll            |     2 |     2 ||     4
 Stab: Sleeping          |     2 |     2 ||     4
Armor: Robe              |     4 |    24 ||    28
Dodge: Dodged            |    27 |   101 ||   128

Table legend: (Time is in decaauts)
 A = Elapsed time spent in this place.
 B = Non-inter-level travel time spent in this place.
 C = Inter-level travel time spent in this place.
 D = Time resting spent in this place.
 E = Time spent auto-exploring this place.
 F = Levels seen in this place.
 G = Mean time per level.
                   A        B        C        D        E       F      G
               +--------+--------+--------+--------+--------+-----+--------+
         Total |   3695 |   3622 |     73 |   1399 |   1433 |   4 |  923.8 |
       Dungeon |   3695 |   3622 |     73 |   1399 |   1433 |   4 |  923.8 |
               +--------+--------+--------+--------+--------+-----+--------+

Top non-repeatable levels by time:
     D:1: 1816 daAuts
     D:3: 906 daAuts
     D:2: 709 daAuts
     D:4: 263 daAuts
